 Dungeon Crawl Stone Soup version 0.30.1-1-g62c8e00024 (webtiles) character file.

Game seed: 2533184944968628593

288 cdecastro the Cudgeller (level 6, 0/62 HPs)
             Began as a Troll Fighter on July 14, 2023.
             Slain by Menkaure (13 damage)
             ... on level 3 of the Dungeon.
             The game lasted 00:06:20 (2436 turns).

cdecastro the Cudgeller (Troll Fighter)             Turns: 2436, Time: 00:06:20

Health: 0/62       AC:  4    Str: 25    XL:     6   Next: 9%
Magic:  5/5        EV:  9    Int:  4    God:
Gold:   178        SH:  8    Dex: 11    Spells: 5/5 levels left

rFire   . . .        (no weapon)
rCold   . . .        c - +0 kite shield
rNeg    . . .        b - +0 robe
rPois   .            (helmet restricted)
rElec   .            (no cloak)
rCorr   .            (gloves unavailable)
SInv    .            (boots unavailable)
Will    .....        (no amulet)
Stlth   +            (no ring)
HPRegen 1.10/turn    (no ring)
MPRegen 0.09/turn

%: no passive effects
@: no status effects
A: large, unfitting armour, claws 3, regeneration 1, shaggy fur 1, tough skin 1
a: no special abilities


You were on level 3 of the Dungeon.
You visited 1 branch of the dungeon, and saw 4 of its levels.

You collected 204 gold pieces.
You spent 26 gold pieces at shops.

Inventory:

Hand Weapons
 a - a +3 short sword of venom
 w - a +0 flail
Missiles
 e - 4 poisoned darts (quivered)
 u - 3 silver boomerangs
Armour
 b - a +0 robe (worn)
 c - a +0 kite shield (worn)
Jewellery
 l - a ring of magical power
 t - a ring of wizardry
Wands
 p - a wand of iceblast (8)
 s - a wand of charming (8)
Scrolls
 f - a scroll of enchant armour {unknown}
 g - 5 scrolls of teleportation {unknown}
 h - a scroll of enchant weapon {unknown}
 i - a scroll of fear {unknown}
 j - a scroll of poison {unknown}
 n - 2 scrolls of noise {unknown}
 o - a scroll of fog {unknown}
 x - a scroll of identify
Potions
 d - a potion of might
 k - a potion of berserk rage
 m - a potion of degeneration
 q - 2 potions of attraction
 r - a potion of cancellation {unknown}
 v - a potion of ambrosia {unknown}


   Skills:
 + Level 3.7 Fighting
 * Level 4.9 Maces & Flails
 - Level 2.4 Dodging
 - Level 2.6 Shields


You had 5 spell levels left.
You didn't know any spells.
Your spell library contained the following spells:

 Spells                   Type           Power      Damage    Failure   Level
 Apportation              Tloc           0%         N/A       77%         1
 Ensorcelled Hibernation  Hex/Ice        0%         N/A       88%         2
 Dazzling Flash           Conj/Hex       0%         N/A       98%         3
 Gell's Gravitas          Tloc           0%         N/A       98%         3
 Spider Form              Tmut/Pois      0%         N/A       98%         3
 Teleport Other           Tloc           0%         N/A       98%         3
 Vhi's Electric Charge    Tloc/Air       0%         N/A       98%         3
 Anguish                  Hex/Necr       0%         N/A       100%        4
 Agony                    Necr           0%         N/A       100%        5
 Alistair's Intoxication  Tmut/Pois      0%         N/A       100%        5
 Arcjolt                  Conj/Air       0%         1d10      100%        5
 Silence                  Hex/Air        0%         N/A       100%        5
 Dispersal                Tloc           0%         N/A       100%        6
 Plasma Beam              Fire/Air       0%         2x1d11    100%        6


Dungeon Overview and Level Annotations

Branches:
Dungeon (4/15)
 Temple: D:4-7

Altars:
Zin

Shops:
D:1 ?=?[

Annotations:
D:3 Menkaure
D:4 Sigmund


Innate Abilities, Weirdness & Mutations

You are too large for most types of armour.
You have claws for hands.
Your natural rate of healing is unusually fast.
You are covered in fur. (AC +1)
You have tough skin. (AC +1)


Message History

Unknown command.
Unknown command.
Unknown command.
Menkaure hits you!!
You climb upwards.
There is a stone staircase leading down, spattered with blood here.
Unknown command.
Really attack while wielding nothing? [Y]es or [N]o only, please.
Really attack while wielding nothing? [Y]es or [N]o only, please.
Really attack while wielding nothing? [Y]es or [N]o only, please.
Really attack while wielding nothing? [Y]es or [N]o only, please.
Really attack while wielding nothing?
You barely miss Menkaure. You scratch Menkaure.
Menkaure is lightly damaged.
Menkaure calls on the powers of darkness!
Your body is wracked with pain!
* * * LOW HITPOINT WARNING * * *
You scratch Menkaure but do no damage.
Menkaure is lightly damaged.
You block Menkaure's attack.
You barely miss Menkaure.
Menkaure is lightly damaged.
Menkaure barely misses you.
You scratch Menkaure.
Menkaure is lightly damaged.
Menkaure hits you.
* * * LOW HITPOINT WARNING * * *
You claw Menkaure!
Menkaure is heavily damaged.
Menkaure hits you!
* * * LOW HITPOINT WARNING * * *
You scratch Menkaure.
Menkaure is severely damaged.
Menkaure hits you!
You die...

....# #...#.#.#.# #.#.# #.# #.
##.#######.###..###.#.# #.# #.
#...#.....## ##...#.#.####.## #.
......####.###..............# ##
......#.....#.......#.#####.#####
......#<.###.###....#.# #......
#...#.#..# #........#.# #######
#..#.....# #..##...##.#
#........# #...)@M....#
#........# ##..÷.?#####
#.#.....## ####..# #.##....# #..#
#)>†..#.# #.(#
#..####.########..#
#.................# #
##.####...........# # #)#
##########)## #


You could see Menkaure.

Vanquished Creatures
  A gnoll sergeant (D:3)
  A hound (D:3)
  An orc priest (D:4)
  An orc wizard (D:4)
  5 gnolls
  3 adders
  2 worms
  A dart slug (D:1)
  2 orcs (D:4)
  4 ball pythons
  7 bats
  6 endoplasms
  2 giant cockroaches
  3 goblins
  6 hobgoblins
  7 jackals (D:2)
  A quokka (D:2)
  2 frilled lizards (D:2)
  4 kobolds
  5 rats
64 creatures vanquished.

Notes
Turn   | Place    | Note
-------+----------+-------------------------------------------
     0 | D:1      | cdecastro the Troll Fighter began the quest for the Orb.
     0 | D:1      | Reached XP level 1. HP: 22/22 MP: 0/0
    46 | D:1      | Reached skill level 2 in Maces & Flails
   168 | D:1      | Found Evydweir's Magic Scroll Shoppe.
   176 | D:1      | Bought a scroll of identify for 26 gold pieces
   255 | D:1      | Found Kiado's Jewellery Shop.
   257 | D:1      | Found Myddog's Magic Scroll Shoppe.
   310 | D:1      | Found Amyedag's Antique Armour Emporium.
   342 | D:1      | Found Mefuecih's Antique Weapon Emporium.
   366 | D:1      | Reached XP level 2. HP: 29/29 MP: 1/1
   632 | D:2      | Reached XP level 3. HP: 26/36 MP: 2/2
   673 | D:2      | You fall into a shaft and drop 1 floor!
  1057 | D:2      | Reached skill level 3 in Maces & Flails
  1670 | D:3      | Found a glowing silver altar of Zin.
  1800 | D:4      | Reached XP level 4. HP: 35/45 MP: 3/3
  1890 | D:4      | Noticed a gnoll sergeant
  1984 | D:3      | Reached skill level 4 in Maces & Flails
  2074 | D:4      | Reached XP level 5. HP: 32/53 MP: 4/4
  2297 | D:4      | Noticed Sigmund
  2312 | D:4      | Noticed Menkaure
  2375 | D:3      | Reached XP level 6. HP: 11/62 MP: 5/5
  2436 | D:3      | Slain by Menkaure

Illustrated notes

Levels and vault maps discovered:
D:1:      mrwooster_arrival_statue_3, layout_basic, serial_shops,
          nicolae_shop_tiny_real_fake_doors, shop,
          nicolae_shop_tiny_statue_garden, shop, shop
D:2:      layout_loops_cross
D:3:      layout_loops_ring, lemuel_coloured_pillars_altar
D:4:      layout_cave_pools, minmay_temple_entry_glassed_door, uniq_sigmund,
          uniq_menkaure

Skill      XL: |  1  2  3  4 |
---------------+-------------+-----
Maces & Flails | 2 3 4 |  4.9
Fighting       | 3 |  3.7
Dodging        | |  2.4
Shields        | |  2.6

Action                     |  1- 3 |  4- 6 || total
---------------------------+-------+-------++-------
  Melee: Unarmed           |   165 |   110 ||   275
         Short sword       |       |    15 ||    15
    Use: Scroll            |       |     3 ||     3
   Stab: Sleeping          |     2 |       ||     2
 Armour: Robe              |    63 |    26 ||    89
  Dodge: Dodged            |    57 |    63 ||   120
  Block: Kite shield       |    66 |    77 ||   143
